 Dungeon Crawl Stone Soup version 0.18.1-48-g4cf74bf (webtiles) character file.

3452 Necrotakul the Transmogrifier (level 10, -12/87 HPs)
             Began as a Naga Transmuter on July 12, 2016.
             Mangled by a two-headed ogre
             ... wielding a +0 giant club
              (16 damage)
             ... on level 9 of the Dungeon on July 13, 2016.
             The game lasted 00:49:48 (13940 turns).

Necrotakul the Transmogrifier (Naga Transmuter)    Turns: 13940, Time: 00:49:48

Health: -12/87     AC:  6    Str: 12    XL:     10   Next: 6%
Magic:  19/19      EV: 17    Int: 16    God:
Gold:   421        SH:  0    Dex: 18    Spells: 4 memorised, 10 levels left

rFire  . . .     SeeInvis +       - Unarmed
rCold  . . .     Gourm    .     b - +0 robe
rNeg   . . .     Faith    .     (no shield)
rPois  +         Spirit   .     (no helmet)
rElec  .         Dismiss  .     x - +1 cloak {MR+}
rCorr  .         Reflect  .     (no gloves)
SustAt .         Harm     .     (no barding)
MR     ++...                    (no amulet)
Stlth  +++.......               (no ring)
                                e - ring of flight

@: agile, drained, very slow, very resistant to hostile enchantments, fairly
stealthy
A: see invisible, deformed body, poison resistance, slowness 2, slow metabolism
1, spit poison 2, AC +3
a: Spit Poison, Evoke Flight


You were on level 9 of the Dungeon.
You were not hungry.

You visited 2 branches of the dungeon, and saw 10 of its levels.

You collected 421 gold pieces.

Inventory:

Missiles
 l - 9 tomahawks (quivered)
 z - 6 javelins
 K - 2 throwing nets
Armour
 b - a +0 robe (worn)
 x - a +1 cloak of magic resistance (worn)
Jewellery
 e - a ring of flight (left hand)
Wands
 v - a wand of teleportation (1/9)
 H - a wand of disintegration (11/24)
 J - a wand of paralysis (10/24)
 L - a wand of flame (14/48)
Scrolls
 j - a scroll of fog {unknown}
 k - a scroll of fear {unknown}
 m - a scroll of immolation {unknown}
 o - a scroll of enchant weapon {unknown}
 p - 5 scrolls of remove curse
 q - a scroll of teleportation
 y - a scroll of magic mapping {unknown}
 B - 2 scrolls of recharging {unknown}
 D - 2 scrolls of enchant armour {unknown}
 F - a scroll of torment {unknown}
 M - a scroll of holy word {unknown}
 O - a scroll of silence {unknown}
Potions
 a - a potion of ambrosia {unknown}
 f - 2 potions of haste {unknown}
 g - a potion of might {unknown}
 h - 3 potions of lignification {unknown}
 i - a potion of beneficial mutation {unknown}
 n - a potion of flight {unknown}
 r - a potion of magic {unknown}
 w - a potion of brilliance {unknown}
 G - a potion of berserk rage {unknown}
Books
 c - a book of Changes

   Spells                             Type                      Level
   a - Beastly Appendage              Transmutation                1
   b - Sticks to Snakes               Transmutation                2
   c - Spider Form                    Transmutation/Poison         3
   d - Ice Form                       Ice/Transmutation            4
   e - Blade Hands                    Transmutation                5
 t - a book of the Dragon

   Spells                             Type                      Level
   a - Flame Tongue                   Conjuration/Fire             1
   b - Cause Fear                     Hexes                        4
   c - Bolt of Fire                   Conjuration/Fire             6
   d - Dragon Form                    Transmutation                7
   e - Dragon's Call                  Summoning                    9
 E - a book of Misfortune

   Spells                             Type                      Level
   a - Confusing Touch                Hexes                        2
   b - Confuse                        Hexes                        3
   c - Gell's Gravitas                Hexes/Translocation          3
   d - Petrify                        Transmutation/Earth          4
   e - Metabolic Englaciation         Hexes/Ice                    5
   f - Yara's Violent Unravelling     Hexes/Transmutation          5
 N - a book of Ice

   Spells                             Type                      Level
   a - Ice Form                       Ice/Transmutation            4
   b - Metabolic Englaciation         Hexes/Ice                    5
   c - Ozocubu's Refrigeration        Ice                          6
   d - Bolt of Cold                   Conjuration/Ice              6
   e - Freezing Cloud                 Conjuration/Ice/Air          6
   f - Simulacrum                     Ice/Necromancy               6
Comestibles
 d - 5 bread rations
 u - 2 meat rations
 C - a beef jerky
 Q - 17 fruits


   Skills:
 - Level 4.5(3.8) Fighting
 - Level 4.1(3.4) Dodging
 + Level 4.9(4.2) Unarmed Combat
 - Level 6.0(5.3) Spellcasting
 - Level 10.0(9.2) Transmutations


You had 10 spell levels left.
You knew the following spells:

 Your Spells              Type           Power        Failure   Level  Hunger
a - Beastly Appendage     Trmt           ####..       1%          1    None
b - Sticks to Snakes      Trmt           ####....     1%          2    #......
c - Spider Form           Trmt/Pois      ###.......   10%         3    ###....
d - Blade Hands           Trmt           ####......   12%         5    ######.


Dungeon Overview and Level Annotations

Branches:
Dungeon (9/15)             Temple (1/1) D:4
   Lair: D:8-11         Orc: D:9-12

Altars:
Ashenzari
Dithmenos
Elyvilon
Fedhas
Gozag
Kikubaaqudgha
Makhleb
Nemelex Xobeh
Okawaru
Pakellas
Qazlal
Ru
Trog
Vehumet
Xom
Yredelemnul
Zin
The Shining One

Shops:
D:6 =

Annotations:
D:9 osmosisch's ghost, novice DEFE


Innate Abilities, Weirdness & Mutations

You cannot wear boots.
Your serpentine skin is tough (AC +3).
You have supernaturally acute eyesight.
Armour fits poorly on your strangely shaped body.
Your system is resistant to poisons.
You cover ground very slowly.
You have a slow metabolism.
You can spit poison.


Message History

Read which item? (? for menu, Esc to quit)
As you read the scroll of teleportation, it crumbles to dust.
You feel strangely unstable. The giant frog zombie hits you.
* * * LOW HITPOINT WARNING * * *
The two-headed ogre hits you with a giant club!
* * * LOW HITPOINT WARNING * * *
The two-headed ogre barely misses you.
Read which item? (? for menu, Esc to quit)
Okay, then.
Drink which item? (? for menu, Esc to quit)
You feel agile all of a sudden.
Your hands revert to their normal proportions.
The giant frog zombie hits you.
* * * LOW HITPOINT WARNING * * *
The two-headed ogre barely misses you. x2
The giant frog zombie barely misses you.
Your surroundings seem slightly different.
The giant frog zombie misses you. The giant frog closely misses you.
The two-headed ogre hits you with a giant club!
You die...

... ............#. #.#
#....##..?.####.#... #.#
....$..<...........### #.#
5............>.......### #.#
####.#..#....#..##.#!..####.##
#................###..[z...#
#. #........a### #..z.<... ..
#......zOZ# #....####### #
........F@### ###...
...#######(§.### ##.# .
###†..# #.# ###.# #.#
####.###..# #........#
#.....)..# #.....<..#
#......).#


You could see a two-headed ogre, a giant frog, a worker ant, a wight and a giant
frog zombie.

Vanquished Creatures
  3 orc warriors
  A sky beast (D:8)
  A slave (D:6)
  A black bear (D:7)
  An ice beast (D:8)
  2 necrophages (D:5)
  An ogre (D:8)
  3 centaurs
  5 giant frogs
  2 scorpions
  2 wights
  2 howler monkeys
  5 crimson imps
  2 giant frog zombies
  A quasit (D:5)
  A wasp zombie (D:7)
  A centaur zombie (D:5)
  2 hounds
  2 jellies (D:7)
  6 orc priests
  5 orc wizards
  An iguana (D:9)
  6 worker ants
  A worker ant zombie (D:6)
  5 gnolls
  11 adders
  2 shadow imps
  3 oozes
  An adder zombie (D:7)
  An adder skeleton (D:7)
  2 worms
  2 dart slugs
  2 giant geckos
  22 orcs
  3 giant cockroaches
  9 goblins
  11 hobgoblins
  2 jackals (D:8)
  3 kobolds (D:3)
  3 quokkas
  2 ball pythons
  2 bats
  A giant gecko zombie (D:5)
  3 giant newts
  5 rats
152 creatures vanquished.

Vanquished Creatures (collateral kills)
  Pikel (D:7)
  Joseph (D:7)
  2 ogres
  A gnoll sergeant (D:6)
  A hound (D:8)
  A jelly (D:7)
  Crazy Yiuf (D:4)
  An orc wizard (D:3)
  5 gnolls
  An adder (D:3)
  An ooze (D:2)
  3 worms
  A dart slug (D:3)
  A giant gecko (D:3)
  6 orcs
  2 giant cockroaches (D:3)
  A goblin (D:3)
  A bat (D:3)
  A giant newt (D:3)
32 creatures vanquished.

Vanquished Creatures (others)
  An orc wizard (D:7)
1 creature vanquished.

Grand Total: 185 creatures vanquished

Notes
Turn   | Place    | Note
--------------------------------------------------------------
     0 | D:1      | Necrotakul the Naga Transmuter began the quest for the Orb.
     0 | D:1      | Reached XP level 1. HP: 18/18 MP: 3/3
   114 | D:1      | Reached XP level 2. HP: 11/25 MP: 3/5
   304 | D:1      | Learned a level 2 spell: Sticks to Snakes
   644 | D:1      | Reached skill level 3 in Transmutations
  1125 | D:2      | Reached XP level 3. HP: 30/31 MP: 4/6
  2000 | D:2      | Reached skill level 4 in Transmutations
  2372 | D:3      | Reached XP level 4. HP: 31/38 MP: 5/7
  2977 | D:2      | Learned a level 3 spell: Spider Form
  3137 | D:2      | Reached skill level 5 in Transmutations
  3137 | D:2      | Reached XP level 5. HP: 19/44 MP: 0/8
  4651 | D:4      | Reached XP level 6. HP: 48/51 MP: 2/10
  4789 | D:4      | Noticed Crazy Yiuf
  4801 | D:4      | Killed Crazy Yiuf
  5335 | D:4      | Found a staircase to the Ecumenical Temple.
  5390 | Temple   | Entered the Ecumenical Temple
  5551 | D:5      | Entered Level 5 of the Dungeon
  5793 | D:5      | Found an opulent altar of Gozag.
  5936 | D:5      | Noticed a necrophage
  5943 | D:5      | Killed a necrophage
  5943 | D:5      | Reached skill level 6 in Transmutations
  5943 | D:5      | Reached XP level 7. HP: 55/57 MP: 8/13
  6385 | D:6      | Reached skill level 7 in Transmutations
  6847 | D:6      | Found Zitielucw's Jewellery Shop.
  6892 | D:6      | Reached skill level 8 in Transmutations
  6892 | D:6      | Reached XP level 8. HP: 11/64 MP: 8/14
  7163 | D:6      | Learned a level 5 spell: Blade Hands
  8046 | D:6      | Reached skill level 9 in Transmutations
  9446 | D:6      | Reached skill level 10 in Transmutations
  9638 | D:7      | Noticed Pikel
 10055 | D:7      | Reached skill level 5 in Spellcasting
 10055 | D:7      | Reached XP level 9. HP: 47/70 MP: 13/16
 10901 | D:7      | Noticed Joseph
 11908 | D:7      | Killed Joseph
 11919 | D:7      | Killed Pikel
 12330 | D:8      | Found a blossoming altar of Fedhas.
 13547 | D:8      | Reached XP level 10. HP: 32/87 MP: 9/19
 13810 | D:9      | Noticed osmosisch's ghost (novice DEFE)
 13939 | D:9      | HP: 4/87 [giant frog zombie (2)]
 13940 | D:9      | Mangled by a two-headed ogre

Skill      XL: |  1  2  3  4  5  6  7  8  9 |
---------------+----------------------------+-----
Transmutations | 3 4 5 6 8 10 | 10.0
Spellcasting   | 4 5 6 |  6.0
Fighting       | 4 |  4.5
Dodging        | 4 |  4.1
Unarmed Combat | 4 |  4.9

Action                   |  1- 3 |  4- 6 |  7- 9 | 10-12 || total
-------------------------+-------+-------+-------+-------++-------
Melee: Unarmed           |   106 |   209 |   523 |    14 ||   852
       Headbutt          |    13 |    27 |    26 |       ||    66
       Punch             |     2 |     1 |     3 |       ||     6
Throw: Tomahawk          |       |     3 |     8 |     3 ||    14
 Cast: Beastly Appendage |    22 |    16 |    16 |       ||    54
       Sticks to Snakes  |     6 |    37 |    22 |       ||    65
       Spider Form       |       |       |    29 |       ||    29
       Blade Hands       |       |       |    18 |     2 ||    20
  Use: Scroll            |     2 |     1 |     6 |     1 ||    10
       Potion            |       |     3 |     5 |     1 ||     9
 Stab: Distracted        |       |     1 |     3 |       ||     4
  Eat: Chunk             |     4 |    12 |    22 |     2 ||    40
       Royal jelly       |       |       |     2 |       ||     2
       Beef jerky        |       |       |       |     1 ||     1
Armor: Robe              |    15 |    46 |    82 |     5 ||   148
       Skin              |       |       |    14 |       ||    14
Dodge: Dodged            |    45 |   114 |   324 |    14 ||   497
